Cogmind - Beta 16 *** ADVENTURER MODE // 2025.12.26 @ 18:49:21 Player: Gentle Jesus Result: Self-destructed Performance ------------- Evolutions (7) 3500 Regions Visited (16) 3200 Robots Destroyed (57) 285 Value Destroyed (1869) 1869 Prototype IDs (13) 260 Alien Tech Used (4) 800 Bonus (6989) 6989 TOTAL SCORE: 16903 Bonus ------- Follower Combat Kills 758 MAIN.C Attacked Warlord 500 Found Hidden Lab 3000 Used Core Reset Matrix 3000 Friendly Fire -269 Cogmind --------- Core Integrity 1029/1300 Matter 182/300 Energy 68/100 System Corruption 8% Temperature Cool (0) Movement Core (450) Ox8 Location -3/Research Parts ------- > --- POWER (2) -------- (None) > --- PROPULSION (6) --- (None) > --- UTILITY (10) ----- Structural Scanner Advanced Sensor Array Experimental Utility Shielding Medium Regenerative Plating Improved Hacking Suite Quantum Router LC Capacitor > --- WEAPON (3) ------- (None) > --- INVENTORY (5) ---- Core Regenerator Molecular Deconstructor Peak State ------------ > --- POWER ------------ Enhanced Fission Core Particle Reactor > --- PROPULSION ------- Medium Treads Compact Wheel Compact Wheel > --- UTILITY ---------- Large Storage Unit Structural Scanner Advanced Sensor Array Experimental Utility Shielding Experimental Utility Shielding Improved Hacking Suite Quantum Router LC Capacitor > --- WEAPON ----------- Quantum Rifle Vortex Cannon Shock Maul > --- INVENTORY -------- Advanced Cryofiber Web Advanced Heat Sink Advanced Heat Sink High-capacity Matter Pod Advanced Cloaking Device Medium Regenerative Plating Transdimensional Reconstructor Core Regenerator Long-range Missile Launcher Molecular Deconstructor [Rating: 127] Favorites ----------- Power Antimatter Reactor Engine Light Angular Momentum Engine Power Core Light Fission Core Reactor Antimatter Reactor Propulsion Armored Wheel Treads Medium Treads Wheel Armored Wheel Flight Unit Nuclear Pulse Array Utility Structural Scanner Device Structural Scanner Storage Large Storage Unit Processor Machine Analyzer Hackware Improved Hacking Suite Protection Experimental Utility Shielding Artifact LC Capacitor Weapon Shock Maul Energy Gun Quantum Rifle Energy Cannon Heavy Plasma Cannon Ballistic Gun Improved Assault Rifle Launcher Mini Grenade Launcher Special Weapon Molecular Deconstructor Impact Weapon Shock Maul Slashing Weapon Scythe Build | -11 -10 -10 -9 -8 -7 -6 -6 -6 -5 -5 -5 -4 -4 -4 -4 -3 ------- Run | Yrd Mat Min Mat Mat Fac Fac Was Fac Fac Upp War Pro Fac Arm Lab Res Slots Evolved 14 | . . . 2 2 2 2 . . 2 . . . 2 . . 2 Power 1 | . . . . . . 1 . . . . . . . . . . Propulsion 4 | . . . 1 1 1 . . . . . . . 1 . . . Utility 8 | . . . 1 1 1 . . . 2 . . . 1 . . 2 Weapon 1 | . . . . . . 1 . . . . . . . . . . Parts Attached 72 | 6 4 1 5 10 1 2 1 7 10 . 1 1 2 5 7 9 Power 10 | 1 . . 1 1 . 2 1 1 1 . . . . . 1 1 Engine 4 | 1 . . 1 . . 1 . . 1 . . . . . . . Core 3 | . . . . 1 . 1 . . . . . . . . 1 . Reactor 3 | . . . . . . . 1 1 . . . . . . . 1 Propulsion 15 | 2 . . 3 1 1 . . . 3 . . . 2 . . 3 Treads 1 | . . . . . . . . . . . . . . . . 1 Leg . | . . . . . . . . . . . . . . . . . Wheel 9 | 2 . . 3 1 1 . . . . . . . . . . 2 Hover . | . . . . . . . . . . . . . . . . . Flight 5 | . . . . . . . . . 3 . . . 2 . . . Utility 26 | 1 1 . 1 4 . . . 2 6 . . . . 4 3 4 Device 12 | . 1 . . 2 . . . 1 3 . . . . 3 . 2 Storage 3 | 1 . . . 1 . . . 1 . . . . . . . . Processor 2 | . . . 1 1 . . . . . . . . . . . . Hackware 2 | . . . . . . . . . 1 . . . . . 1 . Protection 6 | . . . . . . . . . 2 . . . . 1 1 2 Artifact 1 | . . . . . . . . . . . . . . . 1 . Weapon 21 | 2 3 1 . 4 . . . 4 . . 1 1 . 1 3 1 Energy Gun 4 | . . . . 1 . . . . . . . . . . 2 1 Energy Cannon 4 | . . . . 1 . . . 1 . . 1 . . . 1 . Ballistic Gun 8 | 2 3 . . 1 . . . 1 . . . . . 1 . . Ballistic Cannon . | . . . . . . . . . . . . . . . . . Launcher 2 | . . . . 1 . . . 1 . . . . . . . . Special Weapon 1 | . . . . . . . . . . . . 1 . . . . Impact Weapon 1 | . . . . . . . . 1 . . . . . . . . Slashing Weapon 1 | . . 1 . . . . . . . . . . . . . . Piercing Weapon . | . . . . . . . . . . . . . . . . . Special Melee Weapon . | . . . . . . . . . . . . . . . . . Unidentified Prototypes 14 | . 1 . . 1 . . . 3 . . 1 1 . 1 6 . Parts Lost 22 | . . . . . . 1 1 1 . . . . . 1 7 11 Power 6 | . . . . . . 1 1 . . . . . . . 2 2 Propulsion 6 | . . . . . . . . . . . . . . . 2 4 Utility 4 | . . . . . . . . 1 . . . . . 1 1 1 Weapon 6 | . . . . . . . . . . . . . . . 2 4 Highest Loss Streak 8 | . . . . . . 1 1 1 . . . . . 1 6 8 To Critical Strikes . | . . . . . . . . . . . . . . . . . Average Backups 8 | . 1 4 7 7 7 8 9 7 9 12 12 13 12 12 9 9 Power 1 | . . . 1 1 2 2 1 1 1 2 2 2 2 2 . . Propulsion 1 | . . 1 1 1 . 1 1 1 1 1 1 1 2 2 . . Utility 3 | . . 1 1 1 1 1 3 4 4 5 5 5 4 4 4 5 Weapon 2 | . 1 2 3 4 4 3 3 1 2 4 4 5 4 4 3 2 Tool/Special . | . . . . . . . . . . . . . . . . . Unused Backups 15 | . . . 2 . . 1 3 1 3 . 1 . . 2 . 2 Power 1 | . . . . . . . . 1 . . . . . . . . Propulsion 5 | . . . 2 . . 1 . . 1 . . . . 1 . . Utility 5 | . . . . . . . 1 . 2 . . . . 1 . 1 Weapon 3 | . . . . . . . 2 . . . 1 . . . . . Tool/Special 1 | . . . . . . . . . . . . . . . . 1 Average Slot Usage (%) 83 | . 90 99 89 96 98 97 99 99 86 64 64 64 66 70 64 62 Engine 2 | . 14 14 11 . . 5 2 . 1 5 5 5 3 . . . Core 2 | . . . . 8 7 6 6 2 . . . . . . 3 3 Reactor 3 | . . . . . . . 2 10 7 . . . 1 5 1 3 Wheel 18 | . 28 27 23 32 37 33 33 32 19 . . . . . . 6 Flight 4 | . . . . . . . . . 4 17 17 17 15 15 14 2 Device 13 | . 6 14 11 12 14 13 13 12 15 17 17 17 20 20 14 9 Storage 6 | . 14 14 11 9 7 6 6 6 5 5 5 5 5 5 5 3 Processor 9 | . . . 11 14 15 13 13 13 11 11 11 11 10 10 8 1 Hackware 2 | . . . . . . . . . 1 5 5 5 5 5 7 9 Protection 1 | . . . . . . . . . 2 . . . . . . 7 Energy Cannon 2 | . . . . 1 7 6 6 6 3 . . . . . 1 . Ballistic Gun 4 | . 26 26 11 8 . 4 . . 3 . . . . 2 1 . Launcher 1 | . . . . . . . 5 5 . . . . . . . . Impact Weapon 1 | . . . . . . . . 1 3 . . . 4 5 3 3 Slashing Weapon 2 | . . 1 11 7 6 6 6 4 . . . . . . . . Peak Build Rating 127 | 6 11 12 20 31 33 42 45 58 68 62 69 81 85 97 118 127 Average Rating 59 | 4 7 11 15 27 32 40 41 50 62 62 62 64 82 90 92 111 On Entrance 47 | . 6 11 12 20 30 33 42 45 58 62 62 63 64 85 97 118 Avg Prop Armor Cover (%) 6 | . . . . . . . . 4 . . . . . . . 10 Naked Turns . | . . . . . . . . . . . . . . . . . Heaviest Build 93 | 12 17 17 18 30 30 42 44 71 75 32 36 32 39 47 52 93 Greatest Support 60 | 20 20 20 36 48 60 60 60 60 60 33 33 33 47 47 47 33 Greatest Overweight (x) 17 | . . 5 1 . . . . 1 2 . 1 . . . 1 17 Average Overweight (x) . | . . . . . . . . . . . . . . . . 2 Largest Inventory Capacity 15 | 8 8 8 8 10 10 10 10 15 15 15 15 15 15 15 15 15 Average Capacity 12 | 6 8 8 8 8 10 10 10 11 15 15 15 15 15 15 15 14 Most Carried 15 | 1 3 8 8 9 9 10 10 12 15 13 15 15 15 15 14 12 Average Carried 10 | . 1 4 7 7 7 8 9 10 11 13 13 14 14 14 10 10 Final Capacity 15 | 8 8 8 8 10 10 10 10 15 15 15 15 15 15 15 15 5 Final Carried 15 | 1 3 8 8 9 9 10 10 12 13 13 15 15 15 14 13 3 Class Distribution -------------------- 35% | Assassin 22% | Hacker-Scout 21% | Hacker-Mutant 16% | Mutant Dominant Class ---------------- Mutant | -10/Materials Mutant | -10/Mines Mutant | -9/Materials Assassin | -8/Materials Assassin | -7/Factory Assassin | -6/Factory Assassin | -6/Waste Assassin | -6/Factory Assassin | -5/Factory Hacker-Scout | -5/Upper Caves Hacker-Scout | -5/Warlord Hacker-Scout | -4/Proximity Caves Hacker-Scout | -4/Factory Hacker-Scout | -4/Armory Hacker-Mutant | -4/Lab Hacker-Mutant | -3/Research Resources | -11 -10 -10 -9 -8 -7 -6 -6 -6 -5 -5 -5 -4 -4 -4 -4 -3 ----------- Run | Yrd Mat Min Mat Mat Fac Fac Was Fac Fac Upp War Pro Fac Arm Lab Res Matter Collected 2450 | 223 . 107 103 138 60 75 344 198 132 . . 52 228 40 212 538 Remotely . | . . . . . . . . . . . . . . . . . Salvage Created 2532 | . . 15 159 221 48 161 305 428 64 . . . 120 . 12 999 Parts 72 | . . 1 8 10 3 9 . 14 1 . . . 1 . . 25 Haulers Intercepted 2 | . . . . . . . . 1 . . . . 1 . . . Recyclers Shooed 5 | . . . . . . 1 . 3 . . . . . . . 1 Parts Field Recycled . | . . . . . . . . . . . . . . . . . Retrieved Matter . | . . . . . . . . . . . . . . . . . Parts Self-Destructed . | . . . . . . . . . . . . . . . . . Prevented . | . . . . . . . . . . . . . . . . . Parts Restored . | . . . . . . . . . . . . . . . . . Kills | -11 -10 -10 -9 -8 -7 -6 -6 -6 -5 -5 -5 -4 -4 -4 -4 -3 ------- Run | Yrd Mat Min Mat Mat Fac Fac Was Fac Fac Upp War Pro Fac Arm Lab Res Combat Hostiles Destroyed 28 | . . 3 2 5 . 4 1 4 1 . . . . . 1 7 Melee 1 | . . . 1 . . . . . . . . . . . . . Guns 9 | . . 3 1 2 . 1 . . 1 . . . . . . 1 Cannons 8 | . . . . 1 . 1 . 1 . . . . . . 1 4 AOE 10 | . . . . 2 . 2 1 3 . . . . . . . 2 Classes Destroyed 13 | . . 2 4 . . 2 1 3 . . . . . . . 1 Worker 7 | . . . 1 1 2 . . 1 . . . . . . . 2 Builder 6 | . . . . . . 1 . 1 . . . . . . . 4 Hauler 2 | . . . . . . . . 1 . . . . 1 . . . Recycler 7 | . . . . . . . . 1 . . . . . . . 6 Watcher 6 | . . . 2 1 . . . 3 . . . . . . . . Swarmer 1 | . . 1 . . . . . . . . . . . . . . Grunt 12 | . . . 1 5 . 3 . 3 . . . . . . . . Duelist 1 | . . . . . . 1 . . . . . . . . . . Sentry 5 | . . . 1 . . . . . 1 . . . . . . 3 Demolisher 2 | . . 2 . . . . . . . . . . . . . . Programmer 4 | . . . . . . . . 1 . . . . . . . 3 Behemoth 1 | . . . . . . . . . . . . . . . . 1 Compactor 1 | . . . . . . . 1 . . . . . . . . . Wasp 1 | . . . . . . . . 1 . . . . . . . . Best Kill Streak 6 | . . 3 3 5 2 4 1 3 1 . . . 1 . 1 6 Combat Bots Only 3 | . . 3 1 3 . 2 1 3 1 . . . . . 1 2 Max Kills in Single Turn 4 | . . 1 1 2 1 1 1 4 1 . . . 1 . 1 2 Gunslinging . | . . . . . . . . . . . . . . . . . Exploded 2 | . . . . 1 . 1 1 2 . . . . . . . 1 Melee 1 | . . . 1 . . . . . . . . . . . . . Uniques/NPCs Destroyed 1 | . . . . . . . . . . . . . . . 1 . A5 (-4/Lab) Combat | -11 -10 -10 -9 -8 -7 -6 -6 -6 -5 -5 -5 -4 -4 -4 -4 -3 -------- Run | Yrd Mat Min Mat Mat Fac Fac Was Fac Fac Upp War Pro Fac Arm Lab Res Hostile Shots Fired 322 | . . 3 5 15 . 33 . 36 14 3 8 . 12 24 57 112 Missed 93 | . . . 2 3 . 5 . 13 3 1 4 . 7 11 7 37 Hits 229 | . . 3 3 12 . 28 . 23 11 2 4 . 5 13 50 75 Projectile 229 | . . 3 3 12 . 28 . 23 11 2 4 . 5 13 50 75 AOE 4 | . . 4 . . . . . . . . . . . . . . Critical Strikes 10 | . . . . 1 . . . 1 1 . . . . 2 . 5 Actively Blocked 1 | . . . . . . . . . . . . . . . . 1 Part Disruptions 3 | . . . . . . . . 1 . . . . . . 1 1 Actively Blocked 1 | . . . . . . . . . . . . . . . . 1 Damage Taken 4812 | . . 126 27 157 . 442 16 443 216 44 62 . 259 513 1005 1502 Core 942 | . . 50 . 76 . 59 1 125 40 18 30 . 104 46 184 209 Absorbed by Shields . | . . . . . . . . . . . . . . . . . Redirected to Shielding 229 | . . . . . . . . . . . . . . . . 229 Ignored by Resistances 1245 | . . 34 9 45 . 116 5 119 59 12 16 . 72 74 277 407 Regen/Repaired (Parts) 201 | . . . . . . . 36 129 . . . . . . . 36 Core Remaining (%) 88 | 100 . 80 100 86 100 . . 78 . . . 91 . . 70 . Volleys Fired 148 | . . 5 2 13 . 16 7 28 8 . . . . 2 34 33 Largest 2 | . . 2 1 2 . 2 2 2 2 . . . . 1 2 2 Hottest 144 | . . 46 23 85 . 85 90 133 105 . . . . 40 90 144 Shots Fired 202 | . . 10 2 20 . 27 11 33 16 . . . . 2 39 42 Gun 86 | . . 10 2 13 . 11 . . 8 . . . . 2 24 16 Cannon 84 | . . . . 4 . 11 7 28 8 . . . . . 11 15 Launcher 27 | . . . . 3 . 5 4 5 . . . . . . . 10 Special 5 | . . . . . . . . . . . . . . . 4 1 Kinetic 70 | . . 10 2 13 . 11 . . 8 . . . . 2 24 . Thermal 74 | . . . . 4 . 11 7 28 8 . . . . . . 16 Explosive 27 | . . . . 3 . 5 4 5 . . . . . . . 10 Electromagnetic . | . . . . . . . . . . . . . . . . . Entropic 26 | . . . . . . . . . . . . . . . 11 15 Robot Hit Streak 37 | . . 5 5 13 . 20 10 7 13 . . . . . 7 37 Robot Miss Streak 2 | . . 1 . 1 . 1 1 2 1 . . . . . 1 1 Penetration Max . | . . . . . . . . . . . . . . . . . Secondary Targets . | . . . . . . . . . . . . . . . . . Shots Hit Robots 177 | . . 8 5 17 2 23 10 19 13 . . . 2 . 30 48 Core Hits 103 | . . 4 4 13 2 13 2 25 3 . . . . . 9 28 Critical Kills 1 | . . . . . . . . . . . . . . . . 1 Critical Parts Destroyed 4 | . . . . . . . . . . . . . . . 3 1 Critical Strikes 13 | . . . . . . . . . . . . . . . 4 9 Destroy 4 | . . . . . . . . . . . . . . . 4 . Smash 2 | . . . . . . . . . . . . . . . . 2 Sunder 7 | . . . . . . . . . . . . . . . . 7 Melee Attacks 61 | . . . 7 1 2 1 . 6 4 . 1 2 13 7 5 12 Impact 44 | . . . . . . . . . 4 . 1 2 13 7 5 12 Slashing 17 | . . . 7 1 2 1 . 6 . . . . . . . . Piercing . | . . . . . . . . . . . . . . . . . Sneak Attacks 11 | . . . 1 . 2 . . 2 . . . . 1 . . 5 Combat Hostiles . | . . . . . . . . . . . . . . . . . Follow-up Attacks . | . . . . . . . . . . . . . . . . . Damage Inflicted 8694 | . . 94 154 611 125 685 476 1996 348 . . . 154 . 665 3386 Guns 1203 | . . 94 28 177 . 139 . . 159 . . . . . 126 480 Cannons 2769 | . . . . 68 . 225 140 526 189 . . . . . 539 1082 Explosions 3461 | . . . . 366 . 321 336 1273 . . . . . . . 1165 Melee 1260 | . . . 126 . 125 . . 197 . . . . 154 . . 658 Ramming 1 | . . . . . . . . . . . . . . . . 1 Kinetic 723 | . . 94 28 177 . 139 . . 159 . . . . . 126 . Thermal 1628 | . . . . 68 . 225 140 526 189 . . . . . . 480 Explosive 3461 | . . . . 366 . 321 336 1273 . . . . . . . 1165 Electromagnetic . | . . . . . . . . . . . . . . . . . Impact 812 | . . . . . . . . . . . . . 154 . . 658 Slashing 448 | . . . 126 . 125 . . 197 . . . . . . . . Piercing . | . . . . . . . . . . . . . . . . . Entropic 1621 | . . . . . . . . . . . . . . . 539 1082 Highest Corruption 8 | . 5 5 . . . . . 1 . . . . . 2 6 8 Average Corruption 2 | . 5 5 . . . . . 1 . . . . . 2 5 4 Corruption Purged . | . . . . . . . . . . . . . . . . . Corruption Blocked . | . . . . . . . . . . . . . . . . . Effects 25 | . 1 7 . . . . . 7 . . . . . . 5 5 Message Errors 7 | . 1 3 . . . . . 1 . . . . . . 1 1 Matter Fused 10 | . . 2 . . . . . 4 . . . . . . 2 2 Heat Flow Errors 1 | . . . . . . . . . . . . . . . . 1 Energy Discharges 2 | . . . . . . . . 1 . . . . . . . 1 Data Loss (minor) 4 | . . 2 . . . . . 1 . . . . . . 1 . Data Loss (major) 1 | . . . . . . . . . . . . . . . 1 . Overload Shots . | . . . . . . . . . . . . . . . . . Overflow Damage 631 | . . . 21 34 . . 1 140 . . . . . . . 435 Projectiles 65 | . . . . . . . . . . . . . . . . 65 Explosions 214 | . . . . 34 . . 1 98 . . . . . . . 81 Melee 352 | . . . 21 . . . . 42 . . . . . . . 289 Knockbacks 4 | . . . . . . . . . . . . . 1 . . 3 Impact 4 | . . . . . . . . . . . . . 1 . . 3 Kinetic . | . . . . . . . . . . . . . . . . . Secondary . | . . . . . . . . . . . . . . . . . Self-Inflicted Damage 60 | . . . . . . 16 16 28 . . . . . . . . Shots 3 | . . . . . . 1 1 1 . . . . . . . . Rammed 1 | . . . . . . . . . . . . . . . . 1 Targets Rammed 1 | . . . . . . . . . . . . . . . . 1 Kicked . | . . . . . . . . . . . . . . . . . Crushed . | . . . . . . . . . . . . . . . . . Highest Temperature 259 | . . . . 160 . 247 91 126 34 . . . . . . 259 Average Temperature 73 | . . . . 83 . 107 45 41 12 . . . . . . 109 Received Heat Transfer 750 | . . . 12 126 . 252 . 132 45 12 36 . 27 18 . 90 Siege Activations . | . . . . . . . . . . . . . . . . . Martial Activations . | . . . . . . . . . . . . . . . . . Shielding Activations . | . . . . . . . . . . . . . . . . . Robots Disrupted . | . . . . . . . . . . . . . . . . . Combat Hostiles . | . . . . . . . . . . . . . . . . . Robots Corrupted 3 | . . . . . . . . . . . . . . . . 3 Combat Hostiles . | . . . . . . . . . . . . . . . . . Parts Fried 8 | . . . . . . . . . . . . . 2 . . 6 Impact Corruptions 8 | . . . . . . . . . . . . . . . . 8 Robots Melted . | . . . . . . . . . . . . . . . . . Combat Hostiles . | . . . . . . . . . . . . . . . . . Parts Melted 1 | . . . . . . . . 1 . . . . . . . . Heat Transferred 2382 | . . . . 111 . 370 222 787 300 . . . . . . 592 Parts Sabotaged . | . . . . . . . . . . . . . . . . . Parts Stolen . | . . . . . . . . . . . . . . . . . Parts Stripped . | . . . . . . . . . . . . . . . . . Power Chain Reactions . | . . . . . . . . . . . . . . . . . Alert | -11 -10 -10 -9 -8 -7 -6 -6 -6 -5 -5 -5 -4 -4 -4 -4 -3 ------- Run | Yrd Mat Min Mat Mat Fac Fac Was Fac Fac Upp War Pro Fac Arm Lab Res Maximum Alert Level 1 | . . . . . . . . 1 . . . . . . . . Low Security (%) 91 | 100 100 100 100 100 100 100 100 62 100 . . . 100 100 . 100 Level 1 8 | . . . . . . . . 37 . . . . . . . . Level 2 . | . . . . . . . . . . . . . . . . . Level 3 . | . . . . . . . . . . . . . . . . . Level 4 . | . . . . . . . . . . . . . . . . . Level 5 . | . . . . . . . . . . . . . . . . . High Security . | . . . . . . . . . . . . . . . . . Max Security . | . . . . . . . . . . . . . . . . . Peak Influence 349 | . . 110 60 75 25 70 17 349 130 . . . 11 38 . 91 Initial 130 | . . . 16 18 25 1 5 . 130 . . . . . . . Average 58 | . . 44 13 46 13 33 3 167 51 . . . 2 6 . 37 Influence Increases 2002 | . . 120 115 157 10 119 56 819 104 . . . 42 99 . 361 Destroy 0b10 Robot/C 900 | . . 100 60 100 . 80 . 360 60 . . . . . . 140 Destroy 0b10 Robot/NC 140 | . . . 15 10 10 5 . 35 . . . . 5 . . 60 Destroy Leader 276 | . . 20 34 22 . 10 . 108 20 . . . 2 . . 60 Allied During Kill 166 | . . . 2 . . . . 159 5 . . . . . . . Successful Hack 76 | . . . . . . . . 22 . . . . 15 27 . 12 Disable Machine 99 | . . . . 9 . 9 . 63 9 . . . . . . 9 Destroy Structure 285 | . . . 4 16 . 15 56 72 10 . . . 20 12 . 80 Partial Spotted 30 | . . . . . . . . . . . . . . 30 . . Lose Combat Pursuer 30 | . . . . . . . . . . . . . . 30 . . Influence Decreases 1954 | . . 70 115 142 70 105 75 510 413 . . . 40 71 30 313 Entered New Map 335 | . . . 34 32 40 4 14 . 179 . . . . 2 30 . Time Decay 1233 | . . 70 55 90 30 91 51 370 144 . . . 40 59 . 233 Lost Part 120 | . . . . . . 10 10 10 . . . . . 10 . 80 Lost Ally 266 | . . . 26 20 . . . 130 90 . . . . . . . Squads Dispatched 21 | . . . 1 1 1 . . 6 5 . . . 1 2 . 4 Investigation 5 | . . . . 1 . . . 1 2 . . . . . . 1 Extermination 5 | . . . . . . . . 2 . . . . . 2 . 1 Reinforcement 7 | . . . 1 . 1 . . 3 . . . . . . . 2 Assault . | . . . . . . . . . . . . . . . . . Garrison 4 | . . . . . . . . . 3 . . . 1 . . . Intercept . | . . . . . . . . . . . . . . . . . Searches Triggered . | . . . . . . . . . . . . . . . . . Construction Impeded 1 | . . . . . . . . . . . . . . . . 1 Haulers Reinforced 1 | . . . . . . . . 1 . . . . . . . . Active Scanning Responses . | . . . . . . . . . . . . . . . . . Cargo Convoy Interrupts . | . . . . . . . . . . . . . . . . . Stealth | -11 -10 -10 -9 -8 -7 -6 -6 -6 -5 -5 -5 -4 -4 -4 -4 -3 --------- Run | Yrd Mat Min Mat Mat Fac Fac Was Fac Fac Upp War Pro Fac Arm Lab Res Distress Signals 4 | . . . 3 . . . . . . . . . . 1 . . Communications Jammed . | . . . . . . . . . . . . . . . . . Distress Signals . | . . . . . . . . . . . . . . . . . Times Spotted 95 | . 1 6 6 6 . 4 3 21 3 1 8 . 10 11 1 14 Peak Tracking Total 10 | . 2 4 4 4 1 4 1 3 2 1 8 . 10 7 1 4 Tactical Retreats 2 | . . . . . . . . . . . . . . 2 . . Traps | -11 -10 -10 -9 -8 -7 -6 -6 -6 -5 -5 -5 -4 -4 -4 -4 -3 ------- Run | Yrd Mat Min Mat Mat Fac Fac Was Fac Fac Upp War Pro Fac Arm Lab Res Traps Triggered 10 | . . 2 . 1 . 1 . 2 1 . . . 1 1 . 1 Indirectly . | . . . . . . . . . . . . . . . . . Trap Hack Attempts . | . . . . . . . . . . . . . . . . . Triggered . | . . . . . . . . . . . . . . . . . Disarmed . | . . . . . . . . . . . . . . . . . Reprogrammed . | . . . . . . . . . . . . . . . . . Reused . | . . . . . . . . . . . . . . . . . Traps Extracted . | . . . . . . . . . . . . . . . . . Installed . | . . . . . . . . . . . . . . . . . Triggered . | . . . . . . . . . . . . . . . . . Objects Rigged 5 | . . . . . . . . . . . . . 5 . . . Machines | -11 -10 -10 -9 -8 -7 -6 -6 -6 -5 -5 -5 -4 -4 -4 -4 -3 ---------- Run | Yrd Mat Min Mat Mat Fac Fac Was Fac Fac Upp War Pro Fac Arm Lab Res Machines Disabled 16 | . . . . 1 . 1 . 7 1 . . 1 1 . 3 1 Max in Single Turn 4 | . . . . 1 . 1 . 4 1 . . 1 1 . 1 1 Garrison Access 2 | . . . . . . 1 . . . . . . 1 . . . Machines Repaired . | . . . . . . . . . . . . . . . . . Machines Dismantled . | . . . . . . . . . . . . . . . . . Machines Sabotaged . | . . . . . . . . . . . . . . . . . Overloaded Fab Kills . | . . . . . . . . . . . . . . . . . Hacking | -11 -10 -10 -9 -8 -7 -6 -6 -6 -5 -5 -5 -4 -4 -4 -4 -3 --------- Run | Yrd Mat Min Mat Mat Fac Fac Was Fac Fac Upp War Pro Fac Arm Lab Res Machines Accessed 38 | . . 1 2 1 . 3 . 6 5 1 2 . 6 8 1 2 Terminals 18 | . . . 2 1 . . . 3 2 . . . 3 6 . 1 Fabricators 6 | . . . . . . . . 1 2 . . . 1 2 . . Repair Stations 2 | . . . . . . . . 1 1 . . . . . . . Recycling Units 1 | . . . . . . 1 . . . . . . . . . . Scanalyzers 4 | . . . . . . 1 . 1 . . . . 1 . . 1 Garrison Access 2 | . . . . . . 1 . . . . . . 1 . . . Total Hacks 90 | . . 1 4 3 . 6 . 14 11 1 2 . 22 19 1 6 Successful 45 | . . 1 . 2 . 4 . 7 2 1 2 . 14 8 1 3 Failed 45 | . . . 4 1 . 2 . 7 9 . . . 8 11 . 3 Catastrophic 9 | . . . 3 1 . . . 2 . . . . 1 2 . . Database Lockouts . | . . . . . . . . . . . . . . . . . Manual 32 | . . . 4 1 . . . 5 4 . . 1 8 9 . . Terminals 51 | . . . 4 3 . . . 5 4 . . . 15 16 . 4 Fabricators 10 | . . . . . . . . 1 4 . . . 2 3 . . Repair Stations 7 | . . . . . . . . 4 3 . . . . . . . Recycling Units 2 | . . . . . . 2 . . . . . . . . . . Scanalyzers 12 | . . . . . . 2 . 4 . . . . 4 . . 2 Garrison Access 3 | . . . . . . 2 . . . . . . 1 . . . Terminal Hacks 23 | . . 1 . 2 . . . . 1 1 2 . 8 6 1 1 Record 1 | . . . . . . . . . . . . . 1 . . . Open Door 6 | . . 1 . . . . . . . 1 2 . . 2 . . Branch Access Points 2 | . . . . . . . . . . . . . 1 . . 1 Emergency Access Points 1 | . . . . . . . . . . . . . 1 . . . Repair Station Index 1 | . . . . . . . . . 1 . . . . . . . Scanalyzer Index 1 | . . . . . . . . . . . . . 1 . . . Alert Level 4 | . . . . 1 . . . . . . . . 2 1 . . Locate Traps 1 | . . . . . . . . . . . . . . 1 . . Security Status 1 | . . . . . . . . . . . . . 1 . . . Zone Layout 4 | . . . . 1 . . . . . . . . 1 2 . . Release Object 1 | . . . . . . . . . . . . . . . 1 . Fabricator Hacks 4 | . . . . . . . . 1 . . . . 1 2 . . Network Status 2 | . . . . . . . . . . . . . 1 1 . . Build 2 | . . . . . . . . 1 . . . . . 1 . . Repair Station Hacks 5 | . . . . . . . . 4 1 . . . . . . . Scan Component 3 | . . . . . . . . 2 1 . . . . . . . Repair 2 | . . . . . . . . 2 . . . . . . . . Recycling Unit Hacks 1 | . . . . . . 1 . . . . . . . . . . Report Inventory 1 | . . . . . . 1 . . . . . . . . . . Scanalyzer 8 | . . . . . . 2 . 2 . . . . 2 . . 2 Insert Component 1 | . . . . . . . . 1 . . . . . . . . Analyze 1 | . . . . . . . . 1 . . . . . . . . Retrieve Study 6 | . . . . . . 2 . . . . . . 2 . . 2 Garrison Access Hacks 2 | . . . . . . 1 . . . . . . 1 . . . Seal Access 2 | . . . . . . 1 . . . . . . 1 . . . Unauthorized Hacks 2 | . . . . . . . . . . . . . 2 . . . Terminals 2 | . . . . . . . . . . . . . 2 . . . Detonate 1 | . . . . . . . . . . . . . 1 . . . Operators 1 | . . . . . . . . . . . . . 1 . . . Fabricators . | . . . . . . . . . . . . . . . . . Repair Stations . | . . . . . . . . . . . . . . . . . Recycling Units . | . . . . . . . . . . . . . . . . . Scanalyzers . | . . . . . . . . . . . . . . . . . Garrison Access . | . . . . . . . . . . . . . . . . . Data Cores Recovered . | . . . . . . . . . . . . . . . . . Used . | . . . . . . . . . . . . . . . . . Hacking Detections 27 | . . . 2 1 . 1 . 6 4 . . . 5 6 . 2 Full Trace Events 5 | . . . 1 . . . . 1 2 . . . . . . 1 Feedback Events . | . . . . . . . . . . . . . . . . . Feedback Blocked . | . . . . . . . . . . . . . . . . . Robot Schematics Acquired . | . . . . . . . . . . . . . . . . . Robots Built 4 | . . . . . . . . 4 . . . . . . . . Authchips . | . . . . . . . . . . . . . . . . . Time 40 | . . . . . . . . 40 . . . . . . . . Total Robot Build Rating 4 | . . . . . . . . 4 . . . . . . . . Part Schematics Acquired . | . . . . . . . . . . . . . . . . . Parts Built 2 | . . . . . . . . . . . . . . 2 . . Authchips . | . . . . . . . . . . . . . . . . . Time 69 | . . . . . . . . . . . . . . 69 . . Total Part Build Rating 18 | . . . . . . . . . . . . . . 18 . . Part Studies Acquired 6 | . . . . . . 2 . . . . . . 2 . . 2 Parts Repaired 2 | . . . . . . . . 2 . . . . . . . . Time 64 | . . . . . . . . 64 . . . . . . . . Parts Recycled . | . . . . . . . . . . . . . . . . . Recycled Matter . | . . . . . . . . . . . . . . . . . Retrieved Matter . | . . . . . . . . . . . . . . . . . Retrieved Components . | . . . . . . . . . . . . . . . . . Parts Scanalyzed 1 | . . . . . . . . 1 . . . . . . . . Part Schematics Acquired . | . . . . . . . . . . . . . . . . . Parts Damaged . | . . . . . . . . . . . . . . . . . Bothacking | -11 -10 -10 -9 -8 -7 -6 -6 -6 -5 -5 -5 -4 -4 -4 -4 -3 ------------ Run | Yrd Mat Min Mat Mat Fac Fac Was Fac Fac Upp War Pro Fac Arm Lab Res Used RIF Installer . | . . . . . . . . . . . . . . . . . Robots Hacked . | . . . . . . . . . . . . . . . . . Non-combat . | . . . . . . . . . . . . . . . . . Combat . | . . . . . . . . . . . . . . . . . Robot Hacks Applied . | . . . . . . . . . . . . . . . . . Relay Couplers Released . | . . . . . . . . . . . . . . . . . Fabnet Peak Effective % . | . . . . . . . . . . . . . . . . . Robots Rewired . | . . . . . . . . . . . . . . . . . Allies Hacked . | . . . . . . . . . . . . . . . . . Hacks Repelled . | . . . . . . . . . . . . . . . . . Allies | -11 -10 -10 -9 -8 -7 -6 -6 -6 -5 -5 -5 -4 -4 -4 -4 -3 -------- Run | Yrd Mat Min Mat Mat Fac Fac Was Fac Fac Upp War Pro Fac Arm Lab Res Total Allies 25 | . . 3 . . . . 18 4 . . . . . . . . Largest Group 18 | . . 3 3 1 . . 18 11 6 . . . . . . . Highest-Rated Group 656 | . . 40 40 16 . . 656 393 148 . . . . . . . Highest-Rated Ally 50 | . . 16 16 16 . . 50 46 46 . . . . . . . Total Orders . | . . . . . . . . . . . . . . . . . Ally Attacks 219 | . . 19 13 2 . . 59 117 9 . . . . . . . Total Damage 5173 | . . 185 148 17 . . 2423 2074 326 . . . . . . . Kills 25 | . . 2 1 . . . 6 14 2 . . . . . . . Allies Corrupted 1 | . . . . . . . . 1 . . . . . . . . Allies Melted . | . . . . . . . . . . . . . . . . . Intel | -11 -10 -10 -9 -8 -7 -6 -6 -6 -5 -5 -5 -4 -4 -4 -4 -3 ------- Run | Yrd Mat Min Mat Mat Fac Fac Was Fac Fac Upp War Pro Fac Arm Lab Res Active Infowar (turns) 3952 | . 42 220 215 191 79 270 242 766 354 11 226 115 197 264 231 529 Sensors 2758 | . . . . 127 79 270 242 625 354 11 226 115 197 210 . 302 Terrain 524 | . . . . . . . . . 28 . . . 175 262 59 . Structural 3289 | . . . . 71 75 270 242 766 354 11 226 115 197 259 174 529 Seismic 540 | . 42 220 215 63 . . . . . . . . . . . . Machine Analysis 3105 | . . . 215 191 79 270 242 766 354 11 226 115 197 264 175 . Cloaking 2 | . . . . . . . . . . . . . . 2 . . Robot Analysis Total . | . . . . . . . . . . . . . . . . . Derelict Logs Recovered 3 | . . 2 . . . . . . . . . 1 . . . . Drone Launches . | . . . . . . . . . . . . . . . . . Drone Recoveries . | . . . . . . . . . . . . . . . . . Exploration | -11 -10 -10 -9 -8 -7 -6 -6 -6 -5 -5 -5 -4 -4 -4 -4 -3 ------------- Run | Yrd Mat Min Mat Mat Fac Fac Was Fac Fac Upp War Pro Fac Arm Lab Res Turns Passed 4097 | 45 81 220 215 191 79 270 242 766 354 11 226 115 197 264 292 529 Spaces Moved 4196 | 44 90 218 224 146 76 223 188 580 412 20 612 266 266 497 144 190 Core 5 | 1 . 2 . . . . . . . . . . . . . 2 Treads 2 | . . . . . . . . . . . . . . . . 2 Legs . | . . . . . . . . . . . . . . . . . Wheels 2132 | 43 90 216 224 146 76 223 188 580 196 . . . . . . 150 Hover . | . . . . . . . . . . . . . . . . . Flight 2057 | . . . . . . . . . 216 20 612 266 266 497 144 36 Fastest Speed 34 | 50 80 80 80 90 90 80 80 80 35 35 35 35 34 34 34 115 Average Speed 65 | 79 80 81 81 90 90 82 80 85 66 35 35 35 34 34 102 136 Slowest Speed 900 | 80 80 300 105 90 90 90 80 95 200 35 115 35 34 34 115 900 Overloaded Moves . | . . . . . . . . . . . . . . . . . Propulsion Burnouts . | . . . . . . . . . . . . . . . . . Robots Hopped . | . . . . . . . . . . . . . . . . . Potential Cave-ins . | . . . . . . . . . . . . . . . . . Cave-ins Triggered 1 | . . . . . . . . . . . . . . 1 . . Teleports 1 | . . . . . . . . . . . . . . . . 1 Exploration Rate (%) 31 | 3 27 47 23 21 2 9 85 24 15 8 77 46 10 40 98 8 Regions Visited 16 Branch Regions 6 Pre-discovered Areas . | . . . . . . . . . . . . . . . . . Known Exits Taken 10 | . . . . 1 1 . . 1 1 1 1 1 1 1 1 . Unknown Exits Taken 4 | 1 1 1 1 . . . . . . . . . . . . . Scrap Searched 1 | . . . . . . . . . . . . 1 . . . . Spaces Dug 36 | . . . 4 . . . . 6 3 . 1 1 10 7 . 4 Terrain Destroyed 225 | . . . 4 20 . 23 24 82 6 . 1 1 10 7 1 46 Melee 32 | . . . 4 . . . . 2 3 . 1 1 10 7 . 4 Projectile 10 | . . . . . . . . 6 3 . . . . . 1 . AOE 183 | . . . . 20 . 23 24 74 . . . . . . . 42 Terrain Rammed . | . . . . . . . . . . . . . . . . . Walls Destroyed . | . . . . . . . . . . . . . . . . . Machines Disabled . | . . . . . . . . . . . . . . . . . Actions | -11 -10 -10 -9 -8 -7 -6 -6 -6 -5 -5 -5 -4 -4 -4 -4 -3 --------- Run | Yrd Mat Min Mat Mat Fac Fac Was Fac Fac Upp War Pro Fac Arm Lab Res Total 5219 | 50 98 247 245 183 82 282 269 807 477 23 620 285 347 577 237 390 Wait 574 | . . 17 . 4 . 32 65 175 17 4 . 10 52 56 22 120 Move 4181 | 43 89 217 223 145 75 223 187 579 411 19 611 265 265 496 143 190 Hop . | . . . . . . . . . . . . . . . . . Pick Up 44 | 1 2 5 3 4 2 4 2 3 6 . 1 . 5 3 3 . Fast Attach 54 | 6 4 3 3 3 . 1 1 7 5 . 1 1 2 3 8 6 Attach 42 | . . . 1 2 2 2 1 1 6 . 1 2 2 1 9 12 Detach 28 | . . . . . . . . 1 8 . 3 3 . . 7 6 Swap 19 | . . . 1 6 1 2 1 1 . . . . 2 3 1 1 Drop 67 | . 3 . 5 5 . 1 5 6 12 . 2 2 6 6 5 9 Fire 148 | . . 5 2 13 . 16 7 28 8 . . . . 2 34 33 Melee 61 | . . . 7 1 2 1 . 6 4 . 1 2 13 7 5 12 Ram 1 | . . . . . . . . . . . . . . . . 1 Kick . | . . . . . . . . . . . . . . . . . Crush . | . . . . . . . . . . . . . . . . . Escape Stasis . | . . . . . . . . . . . . . . . . . Rewire . | . . . . . . . . . . . . . . . . . Trap . | . . . . . . . . . . . . . . . . . Miscellaneous . | . . . . . . . . . . . . . . . . . Route ------- -11/Scrapyard -10/Materials -10/Mines -9/Materials -8/Materials -7/Factory (discovered 3 exits: *Fac / Sto / *Low) -6/Factory -6/Waste -6/Factory -5/Factory (discovered 2 exits: *Fac / *Upp) -5/Upper Caves -5/Warlord -4/Proximity Caves -4/Factory (discovered 3 exits: Upp x2 / *Arm) -4/Armory (discovered 2 exits: *Res / *Lab) -4/Lab -3/Research (discovered 2 exits: Qua x2) History --------- Turn | Location | Event 15 | -11/Scrapyard | Discovered new exit (range 16) 46 | -11/Scrapyard | Entered Materials 114 | -10/Materials | Discovered new exit (range 14) 127 | -10/Materials | Entered Mines 130 | -10/Mines | Assisted by bots powering up and referring to "LRC-V3" 149 | -10/Mines | Assembled infested the area 154 | -10/Mines | Assisted by a Guerilla fighting off Assembled 182 | -10/Mines | Learned Materials terminal intel 302 | -10/Mines | Build established: Mutant 306 | -10/Mines | Discovered new exit (range 10) 317 | -10/Mines | Met a Derelict who couldn't figure out how to use a Trap Extractor 347 | -10/Mines | Entered Materials 347 | -9/Materials | Accompanied by 3 allies 347 | -9/Materials | Evolved 2 slots: Propulsion x1, Utility x1 348 | -9/Materials | Loaded intel: 12 terminal locations 527 | -9/Materials | Discovered new exit (range 6) 562 | -9/Materials | Entered another Materials area 562 | -8/Materials | Accompanied by 1 ally 562 | -8/Materials | Evolved 2 slots: Propulsion x1, Utility x1 751 | -8/Materials | Discovered new exit (range 3) 751 | -8/Materials | Identified exit to Factory 753 | -8/Materials | Entered Factory 753 | -7/Factory | Evolved 2 slots: Propulsion x1, Utility x1 754 | -7/Factory | Identified exit to Storage 797 | -7/Factory | Discovered new exit (range 10) 806 | -7/Factory | Discovered new exit (range 5) 815 | -7/Factory | Identified exit to Factory 823 | -7/Factory | Identified exit to Lower Caves 832 | -7/Factory | Entered another Factory area 832 | -6/Factory | Evolved 2 slots: Power x1, Weapon x1 1046 | -6/Factory | Build established: Assassin 1102 | -6/Factory | Sucked down chute 1102 | -6/Factory | Entered Waste 1116 | -6/Waste | Spotted C-40 Crusher 1142 | -6/Waste | Spotted C-40 Crusher 1157 | -6/Waste | Destroyed C-40 Crusher 1170 | -6/Waste | Warlord forces began an assault 1256 | -6/Waste | Allies destroyed C-40 Crusher 1270 | -6/Waste | Discovered new exit (range 13) 1280 | -6/Waste | Identified exit to Factory 1320 | -6/Waste | Spotted C-40 Crusher 1322 | -6/Waste | Allies destroyed C-40 Crusher 1335 | -6/Waste | Found Damper Plating 1344 | -6/Waste | Entered Factory 1344 | -6/Factory | Accompanied by 11 allies 1737 | -6/Factory | Repaired Arm. Wheel+ 1771 | -6/Factory | Repaired Arm. Wheel+ 1864 | -6/Factory | Fabricated K-01 Serf? 1876 | -6/Factory | Spotted B-75 Beast 1891 | -6/Factory | Allies destroyed B-75 Beast 2057 | -6/Factory | Discovered new exit (range 4) 2059 | -6/Factory | Identified exit to Factory 2110 | -6/Factory | Entered another Factory area 2110 | -5/Factory | Accompanied by 6 allies 2110 | -5/Factory | Evolved 2 slots: Utility x2 2175 | -5/Factory | Discovered new exit (range 5) 2180 | -5/Factory | Identified exit to Factory 2207 | -5/Factory | Garrison activated, responded to threat 2263 | -5/Factory | Lost 5 allies 2452 | -5/Factory | Discovered new exit (range 14) 2457 | -5/Factory | Identified exit to Upper Caves 2464 | -5/Factory | Entered Upper Caves 2468 | -5/Upper Caves | Spotted B-75 Beast 2472 | -5/Upper Caves | A Derelict revealed a hidden shortcut to "reach the base" 2473 | -5/Upper Caves | Identified exit to Warlord 2475 | -5/Upper Caves | Entered Warlord 2485 | -5/Warlord | Discovered new exit (range 12) 2610 | -5/Warlord | Visited the Vortex Lab 2613 | -5/Warlord | Met EX-DEC 2616 | -5/Warlord | Found Prototype Energy Cannon 2616 | -5/Warlord | Identified Vortex Cannon 2618 | -5/Warlord | Found Vortex Cannon 2631 | -5/Warlord | Warlord's base attacked by MAIN.C 2653 | -5/Warlord | Build established: Hacker-Scout 2678 | -5/Warlord | Opened side exit 2700 | -5/Warlord | Identified exit to Proximity Caves 2701 | -5/Warlord | Entered Proximity Caves 2712 | -4/Proximity Caves | Learned 4 Research zone layouts 2766 | -4/Proximity Caves | Acquired the password to a Derelict Tinkerer's latest research 2770 | -4/Proximity Caves | Found Prototype Special Weapon 2770 | -4/Proximity Caves | Identified Molecular Deconstructor 2806 | -4/Proximity Caves | Discovered exit to Factory (range 8) 2816 | -4/Proximity Caves | Entered Factory 2816 | -4/Factory | Evolved 2 slots: Propulsion x1, Utility x1 2823 | -4/Factory | Identified exit to Upper Caves 2823 | -4/Factory | Identified exit to Armory 2850 | -4/Factory | Garrison activated, responded to threat 3013 | -4/Factory | Entered Armory 3104 | -4/Armory | Fabricated Adv. Cloaking Device (x2) 3194 | -4/Armory | Discovered new exit (range 4) 3197 | -4/Armory | Identified exit to Research 3223 | -4/Armory | Crushed by falling debris 3250 | -4/Armory | Spotted Armor Guard 3250 | -4/Armory | Spotted Armor Guard 3272 | -4/Armory | Discovered new exit (range 4) 3276 | -4/Armory | Identified exit to Lab 3277 | -4/Armory | Entered Lab 3277 | -4/Lab | Discovered exit to Research (range 10) 3284 | -4/Lab | Detected for breach 3287 | -4/Lab | Gained access to the hidden lab's interior 3290 | -4/Lab | Found Alien Artifact 3290 | -4/Lab | Identified Core Reset Matrix 3290 | -4/Lab | Used Core Reset Matrix 3293 | -4/Lab | Confronted by A5 3294 | -4/Lab | Sensed 3 artifacts in vicinity 3386 | -4/Lab | Lost 6 parts (2p2n1u1w) 3391 | -4/Lab | Destroyed A5 3408 | -4/Lab | Found Transdimensional Reconstructor 3418 | -4/Lab | Found Integrated Reactor 3418 | -4/Lab | Installed Integrated Reactor, increased core energy generation (+10) 3428 | -4/Lab | Found Core Regenerator 3448 | -4/Lab | Found Prototype Hackware 3448 | -4/Lab | Identified Quantum Router 3452 | -4/Lab | Found Prototype Protection 3452 | -4/Lab | Identified Med. Regenerative Plating 3456 | -4/Lab | Found Prototype Energy Gun 3456 | -4/Lab | Identified Tachyon Dispersion Ray 3460 | -4/Lab | Found Prototype Energy Gun 3460 | -4/Lab | Identified Hyp. EM Gauss Rifle 3507 | -4/Lab | Unable to decrypt terminal 3510 | -4/Lab | Found LC Capacitor 3531 | -4/Lab | Build established: Hacker-Mutant 3562 | -4/Lab | Discovered exit to Research (range 6) 3569 | -4/Lab | Entered Research 3569 | -3/Research | Evolved 2 slots: Utility x2 3810 | -3/Research | Spotted B-86 Titan 3851 | -3/Research | Destroyed B-86 Titan 3871 | -3/Research | Identified exit to Quarantine 4092 | -3/Research | Warped through subspace 4098 | -3/Research | Self-destructed Last Messages --------------- 04078_ R-10 Processor destroyed. 04078_ U-05 Engineer lays Concrete. 04078_ ALERT: Construction progress impeded, dispatching reinforcements to local area. 04079_ U-05 Engineer lays Concrete. 04081_ The unstable cave ceiling collapses. 04081_ U-05 Engineer lays Concrete. 04082_ Destroyed Unknown Hover Unit. 04082_ K-01 Serf destroyed. 04082_ U-05 Engineer destroyed. 04084_ P-80 Master resets P-80 Master, system corruption cleaned. 04086_ K-01 Serf collects debris. 04087_ P-80 Master destroyed. 04087_ Destroyed Unknown Special Weapon. 04087_ Lrn. Missile Launcher destroyed. 04090_ K-01 Serf collects debris. 04092_ Warped through subspace. 04093_ Slammed into U-05 Engineer. 04093_ Destabilizing: System corrupted (+2). Map ----- +----------------------------------------------------+ | | | | | | | | | | | | | | | | | | | | | | | #### # ########??##################????### | | #######??####### ^ ##????##" | | # ##??## # ##????### | | + ###### + ##?????## | | ! # ###### # /! ##?????## | | # + + # /! ##?????## | | """ # # # # ######### | | =* # # ###### ######### | | ! ! # # ### " | | #######+#################### ##########+## | | ##### + ##### # "" | | ???????? # ??????????????? ??? # T" | | ???????? # ??? ##### ?? # "" | | ???????? + ? ! ##### / | | ?????????? ? ? + @ s k # | | ?????????? #####+## s s s # ! | | ????????????########??### # ?????? ######### | | ????????????########????????????????? ? | | ???????????????????????????????????##? ??????????? | | ???????????????????????????????????## ???????????? | | ???????????????????????????????????## ???????????? | | ???????????????????????????????????# ???????????? | | ?????????????????????????????????????????????????? | | ?????????????????????????????????????????????????? | | ?????????????????????????????????????????????????? | | ?????????????????????????????????????????????????? | | ?????????????????????????????????????????????????? | | ?????????????????????????????????????????????????? | | ?????????????????????????????????????????????????? | | ?????????????????????????????????????????????????? | | ?????????????????????????????????????????????????? | | ?????????????????????????????????????????????????? | | ?????????????????????????????????????????????????? | | ?????????????????????????????????????????????????? | | ?????????????????????????????????????????????????? | | ?????????????????????????????????????????????????? | | ?????????????????????????????????????????????????? | | ?????????????????????????????????????????????????? | | ?????????????????????????????????????????????????? | +----------------------------------------------------+ Best States ------------- Heat Dissipation 81 Energy Generation 51 Energy Capacity 590 Matter Stores 300 Matter Capacity 300 Sight Range 16 Robot Scan Range 18 Terrain Scan Range 20 Terrain Scan Density 10 Base Temperature (-) 200 Armor Coverage 225 Resistance: KI 20 Resistance: TH 20 Resistance: EX 20 Resistance: EM 20 Resistance: I 20 Resistance: S 20 Resistance: P 20 Utility Shielding 90 Evasion (%) 63 Recoil Reduction 1 Offensive Hacking 22 Defensive Hacking 25 Item Schematics ----------------- None Robot Schematics ------------------ None Fabricated ------------ K-01 Serf | x4 | -6/Factory | Preloaded Adv. Cloaking Device | x2 | -4/Armory | Preloaded Repaired ---------- Arm. Wheel | 28% | -6/Factory Arm. Wheel | 43% | -6/Factory Studied --------- Com. Wheel | -3/Research | Hacked Particle Reactor | -3/Research | Hacked Alien Tech Used ----------------- Core Reset Matrix Integrated Reactor LC Capacitor Transdimensional Reconstructor Achievements -------------- None Challenges ------------ None Game ------ Seed SubatomicDispersalShield Manual? 0 Play Time 01:04:04 Cumulative 252.2 hours Start 2025.12.25 @ 22:58:36 End 2025.12.26 @ 18:49:21 Sessions 3 Manual Loads 0 Difficulty Adventurer Special Mode None Game No. 194 Rogue 10 Adventurer 184 Explorer 0 Win Type - Total 17 Types 7/0/7/3/0/0/0/0/0/0 Lore% 75 Gallery% 72 Achievement% 57 Wizard Run 0 Options --------- Layout 1 ASCII 0 Keyboard 0 Movement Mouse Keybinds 0 Fullscreen 1 Font 24/Smallcaps Map View 50x35 Zoom Use 0% Tactical HUD 1 Map Filters NONE Filters NONE Steam 1 RUN: cb77a94b-521c-4a3c-9dbc-bc89944f3a13